 Dungeon Crawl Stone Soup version 0.29.0-4-gdea44cf6ec (webtiles) character file.

Game seed: 7758856805788338516

21 qw the Chopper (level 2, 0/17 HPs)
             Began as a Tengu Warper on Aug 28, 2022.
             Slain by a ball python (1 damage)
             ... on level 1 of the Dungeon.
             The game lasted 00:00:03 (663 turns).

qw the Chopper (Tengu Warper)                        Turns: 663, Time: 00:00:04

Health: 0/17       AC:  3    Str: 11    XL:     2   Next: 83%
Magic:  6/6        EV:  8    Int: 13    God:
Gold:   36         SH:  0    Dex: 13    Spells: 5/5 levels left

rFire   . . .      SeeInvis .   a - +0 hand axe
rCold   . . .      Faith    .   (no shield)
rNeg    . . .      Spirit   .   b - +0 leather armour
rPois   .          Reflect  .   (helmet restricted)
rElec   .          Harm     .   (no cloak)
rCorr   .          Rampage  .   (no gloves)
Will    .....                   (boots unavailable)
Stlth   +.........              (no amulet)
HPRegen 0.05/turn               (no ring)
MPRegen 0.10/turn               (no ring)

@: constricted
A: beak, talons 3
a: no special abilities


You were on level 1 of the Dungeon.
You visited 1 branch of the dungeon, and saw 1 of its levels.

You collected 36 gold pieces.


Innate Abilities, Weirdness & Mutations

You have a beak for a mouth.
You have claws for feet.


   Skills:
 - Level 2.0 Fighting
 + Level 3.6 Axes
 - Level 1.0 Throwing
 - Level 1.1 Armour
 - Level 2.1 Dodging
 - Level 2.0 Spellcasting
 - Level 2.4 Translocations


You had 5 spell levels left.
You didn't know any spells.
Your spell library contained the following spells:

 Spells                   Type           Power      Damage    Failure   Level
 Blink                    Tloc           14%        N/A       19%         2
 Gell's Gravitas          Tloc           7%         N/A       36%         3
 Lesser Beckoning         Tloc           7%         N/A       36%         3
 Teleport Other           Tloc           7%         N/A       36%         3
 Manifold Assault         Tloc           7%         N/A       98%         5

Inventory:

Hand Weapons
 a - a +0 hand axe (weapon)
Armour
 b - a +0 leather armour (worn)
 e - a +0 chain mail
 g - an orb of wrath
Scrolls
 c - a scroll of blinking
 d - 2 scrolls of amnesia {unknown}
Potions
 f - a potion of curing {unknown}

Dungeon Overview and Level Annotations

Branches:
Dungeon (1/15)

Altars:

Shops:
D:1 (


Message History

The quokka is moderately wounded.
You hit the quokka. The quokka closely misses you. x2
You closely miss the quokka. Your kick misses the quokka.
Your peck misses the quokka.
The quokka is almost dead.
You barely miss the quokka.
The quokka bites you but does no damage.
The quokka closely misses you. The quokka bites you.
You closely miss the quokka. You peck the quokka.
You kill the quokka!
You hit the quokka. You hit the dart slug but do no damage.
The quokka bites you.
You barely miss the quokka. You claw the quokka, but do no damage.
You peck the quokka, but do no damage.
The quokka is heavily wounded.
You hit the dart slug. The quokka barely misses you.
The dart slug launches a dart at you. The slug dart hits you.
You hit the quokka.
You kill the quokka!
You hit the dart slug. The dart slug barely misses you.
The ball python hisses angrily.
You slash the dart slug!
You kill the dart slug!
658 ||| Stepping ~*~*~tactically~*~*~ (stealth).
You closely miss the ball python. Your kick misses the ball python.
The ball python bites you. The ball python closely misses you.
The ball python barely misses you. The ball python misses you.
You barely miss the ball python.
The quokka twitches its whiskers.
The ball python bites you. The ball python closely misses you.
You hit the ball python.
The ball python is moderately wounded.
The ball python barely misses you. The ball python grabs you.
The ball python constricts you. The quokka barely misses you.
The ball python bites you.
You die...

##.......##..........
##.....#####..#####
###.#.###...##
#.#...#.#.###
#.###...#...#
#...#..####.# # #
###.#..##.#)#.#.#.# #
#.).##........... #####
#.#..##@#.#.#.#.# ....#
###.#..%.Sr...... #.#.#
##...#..##%#.#.#?#
#...###..####..>.........
#...%.........#.#.#.#.#.#
##.#######..S#......##...
#.# #......... .. #.#
..[.. ... #.# ... ..r


You could see a quokka and a ball python.

Vanquished Creatures
  A dart slug (D:1)
  4 bats (D:1)
  An endoplasm (D:1)
  2 goblins (D:1)
  A hobgoblin (D:1)
  3 quokkas (D:1)
  A ball python (D:1)
  A frilled lizard (D:1)
  3 kobolds (D:1)
17 creatures vanquished.

Notes
Turn   | Place    | Note
-------+----------+-------------------------------------------
     0 | D:1      | qw the Tengu Warper began the quest for the Orb.
     0 | D:1      | Reached XP level 1. HP: 12/12 MP: 4/4
     0 | D:1      | 0 ||| qw: Version: 0.1-a-89-g26bdef1
     0 | D:1      | 0 ||| qw: Game counter: 3266
     0 | D:1      | 0 ||| qw: Always use a shield: true
     0 | D:1      | 0 ||| qw: God list: Okawaru
     0 | D:1      | 0 ||| qw: Allow faded altars: false
     0 | D:1      | 0 ||| qw: Do Orc after D:15 true
     0 | D:1      | 0 ||| qw: Do second Lair branch before Depths: true
     0 | D:1      | 0 ||| qw: Lair rune preference: random
     0 | D:1      | 0 ||| qw: Plans: Normal
     0 | D:1      | 0 ||| PLANNING D:1-11
   112 | D:1      | Found Gewoch's Antique Weapon Emporium.
   121 | D:1      | 121 ||| SHOPLISTING masterwork mace (176 gold, have 28).
   121 | D:1      | 121 ||| SHOPLISTING runed mace (132 gold, have 28).
   121 | D:1      | 121 ||| SHOPLISTING whip (55 gold, have 28).
   206 | D:1      | 206 ||| Stepping ~*~*~tactically~*~*~ (stealth).
   207 | D:1      | 207 ||| Stepping ~*~*~tactically~*~*~ (stealth).
   211 | D:1      | HP: 3/12 [quokka (2)]
   213 | D:1      | Reached skill level 3 in Axes
   213 | D:1      | Reached XP level 2. HP: 5/17 MP: 6/6
   535 | D:1      | 535 ||| Stepping ~*~*~tactically~*~*~ (stealth).
   542 | D:1      | 542 ||| Stepping ~*~*~tactically~*~*~ (stealth).
   544 | D:1      | 544 ||| Stepping ~*~*~tactically~*~*~ (stealth).
   637 | D:1      | 637 ||| Stepping ~*~*~tactically~*~*~ (stealth).
   640 | D:1      | 640 ||| Stepping ~*~*~tactically~*~*~ (stealth).
   649 | D:1      | 649 ||| Stepping ~*~*~tactically~*~*~ (stealth).
   658 | D:1      | 658 ||| Stepping ~*~*~tactically~*~*~ (stealth).
   662 | D:1      | HP: 2/17 [ball python (3)]
   663 | D:1      | Slain by a ball python

Levels and vault maps discovered:
D:1:      dpeg_arrival_pits, layout_rooms, serial_shops, shop, st_stairs_12,
          amcnicky_mini_pool_small

Skill      XL: |  1 |
---------------+----+-----
Axes           | 3 |  3.6
Fighting       | |  2.0
Throwing       | |  1.0
Armour         | |  1.1
Dodging        | |  2.1
Spellcasting   | |  2.0
Translocations | |  2.4

Action                   || total
-------------------------++-------
Melee: Hand axe          ||    38
       Kick              ||     6
       Peck              ||     3
Throw: Boomerang         ||     7
Armor: Leather armour    ||    12
Dodge: Dodged            ||    33

Table legend:
 A = Non-vault XP
 B = Vault XP
 C = Vault XP percentage of total XP
 D = Non-vault monster count
 E = Vault monster count
 F = Vault count percentage of total count
                 A         B        C        D         E       F
            +---------+---------+-------+---------+---------+-------
      Total |      25 |       5 |  16.7 |      15 |       2 |  11.8
            +---------+---------+-------+---------+---------+-------
        D:1 |      25 |       5 |  16.7 |      15 |       2 |  11.8
            +---------+---------+-------+---------+---------+-------
